Harfangs vs Diablos (R2)

Created - February 7, 2021 at 20:24

Goals
1 2 3 T
Harfangs 0 1 2 3
Diablos 0 2 4 6
Shots
1 2 3 T
Harfangs 7 12 21 40
Diablos 3 13 17 33

1st period

No Goal

Penalties :
Andrey Pedan (Don) for Hooking (Minor) at 4:21, Adrian Kempe (Don) for Hooking (Minor) at 7:19, Devon Teows (BEA) for High sticking (Minor) at 9:55

2nd period

1. Diablos , Danton Heinen 27 (Peter Holland 37, Adrian Kempe 45) at 14:09
2. Harfangs , Michael Bournival 29 (Calle Jarnkrok 20, Nick Shore 11) at 17:22
3. Diablos , Danton Heinen 28 (Brian Dumoulin 27, Adrian Kempe 46) at 17:38

Penalties :
Andrey Pedan (Don) for Hooking (Minor) at 1:42, Michael Bournival (BEA) for Hooking (Minor) at 6:53, Adam Gaudette (Don) for Interference (Minor) at 10:48, Adrian Kempe (Don) for Holding (Minor) at 18:41

3rd period

4. Diablos , Alex Petrovic 3 (Jakub Vrana 10, Brian Dumoulin 28) at 3:20
5. Harfangs , Erik Nystrom 4 (Sven Andrighetto 9, Cristoval Nieves 4) at 7:33
6. Harfangs , Tomas Kubalik 24 (Tyler Brenner 32, Reid McNeill 21) at 13:14
7. Diablos , Mattias Tedenby 17 (Brian Dumoulin 29, Corey Trivino 17) at 15:10
8. Diablos , Corey Trivino 9 (Mattias Tedenby 26) at 19:30 (Empty Net)
9. Diablos , Danton Heinen 29 (Adrian Kempe 47, Alex Petrovic 17) at 19:36

Penalties :
Sven Andrighetto (BEA) for Hooking (Minor) at 4:12

Goalie Stats

Anton Forsberg (BEA), 27 saves from 32 shots - (0.844), L, 6-5-0, 59:15 minutes
Jean-Francois Berube (Don), 37 saves from 40 shots - (0.925), W, 8-7-1, 60:00 minutes

Players Stats for Harfangs

Player Name              G  A  P  +/- PIM S  H  SB GA TA FO     MP     PP MP  PK MP  
------------------------------------------------------------------------------------
Blake Heinrich           0  0  0   0  0   0  1  0  0  0  0/0     3:46   0:00   0:00 
Brandon McMillan         0  0  0   1  0   4  1  0  1  2  1/1    18:32   4:04   0:00 
Brendan Leipsic          0  0  0   0  0   0  0  0  0  0  0/0     1:49   0:00   1:49 
Brenden Kichton          0  0  0  -1  0   0  0  0  0  0  0/0     8:26   0:00   0:00 
Calle Jarnkrok           0  1  1  -1  0   6  2  0  1  2  15/32  20:03   5:51   1:13 
Cristoval Nieves         0  1  1  -1  0   0  1  0  0  0  1/5     7:05   0:00   0:59 
David Kampf              0  0  0   0  0   0  0  0  0  0  0/0     0:27   0:15   0:12 
Devon Teows              0  0  0   0  2   0  0  0  0  0  0/0     4:01   0:00   0:00 
Erik Nystrom             1  0  1  -1  0   2  0  0  0  1  0/0     6:02   0:00   0:12 
Ivan Provorov            0  0  0  -1  0   0  0  0  0  0  0/0     9:55   0:00   0:27 
Jake Dotchin             0  0  0   0  0   1  2  0  0  0  0/0    18:52   3:36   2:32 
Laurent Dauphin          0  0  0   0  0   0  0  0  0  0  0/0     0:00   0:00   0:00 
Lucas Wallmarkk          0  0  0   0  0   0  0  0  0  0  0/0     0:00   0:00   0:00 
Mark Alt                 0  0  0   0  0   1  2  1  0  1  0/0    18:52   3:36   2:32 
Michael Bournival        1  0  1  -1  2   7  1  2  0  1  1/2    21:37   5:51   1:53 
Morgan Klimchuk          0  0  0  -2  0   1  1  0  0  0  0/1    11:55   0:00   1:34 
Nick Shore               0  1  1  -2  0   1  1  0  0  0  5/7     9:39   0:00   0:00 
Reid McNeill             0  1  1  -1  0   3  0  5  0  1  0/0    28:06   6:19   3:03 
Rinat Valiev             0  0  0  -1  0   0  0  0  0  0  0/0     0:28   0:00   0:00 
Ryan Hartman             0  0  0  -2  0   1  3  0  0  0  0/0     9:39   0:00   0:00 
Sven Andrighetto         0  1  1  -1  2   1  0  0  0  0  0/0     6:18   0:00   0:00 
Tomas Kubalik            1  0  1   1  0   7  1  1  0  1  0/0    19:46   4:04   1:13 
Tyler Brenner            0  1  1   1  0   0  2  0  2  0  5/14   18:33   4:04   0:00 
Tyler Randell            0  0  0  -1  0   5  2  0  3  1  2/6    22:19   5:36   2:49 
Victor Bartley           0  0  0  -2  0   0  3  2  0  1  0/0    27:49   6:19   3:20 

Players Stats for Diablos

Player Name              G  A  P  +/- PIM S  H  SB GA TA FO     MP     PP MP  PK MP  
------------------------------------------------------------------------------------
Adam Gaudette            0  0  0   0  2   0  1  0  1  0  4/8    13:14   2:39   0:00 
Adrian Kempe             0  3  3   0  4   6  1  1  0  1  1/2    20:15   3:09   0:00 
Alex Petrovic            1  1  2   4  0   5  2  0  2  0  0/0    26:10   3:18   3:45 
Andrei Mironov           0  0  0   0  0   0  0  0  0  2  0/0    16:36   2:39   0:00 
Andrey Pedan             0  0  0   0  4   0  1  1  0  0  0/0    16:36   2:39   0:00 
Brian Dumoulin           0  3  3   3  0   2  2  0  0  2  0/0    26:02   3:18   3:45 
Corey Trivino            1  1  2   2  0   1  3  1  0  0  9/20   16:22   0:09   6:08 
Daniel Sprong            0  0  0   1  0   1  1  0  0  0  0/0     6:48   0:09   0:00 
Danton Heinen            3  0  3   0  0   8  0  0  1  0  1/2    20:09   3:09   0:00 
Dean Kukan               0  0  0   0  0   0  2  1  0  0  0/0    17:22   0:00   6:10 
Dominic Turgeon          0  0  0   1  0   0  1  1  0  0  2/4     6:26   0:00   0:00 
Jack Glover              0  0  0  -1  0   0  0  0  0  0  0/0    17:14   0:00   6:10 
Jakub Vrana              0  1  1   1  0   1  0  0  0  0  0/0     9:20   0:00   2:54 
Jiri Sekac               0  0  0   2  0   2  3  0  0  0  1/1    10:59   0:09   0:53 
Mattias Tedenby          1  1  2   2  0   2  0  0  0  1  0/0    10:37   0:00   0:53 
Peter Holland            0  1  1   0  0   0  1  0  1  0  20/30  23:03   3:09   2:54 
Tom Wilson               0  0  0   0  0   4  3  0  2  1  0/0    13:15   2:39   0:00 
Tyler Pitlick            0  0  0   0  0   1  1  1  4  0  0/1    19:32   2:39   6:08 

3 Stars

1 - Danton Heinen (Don)
2 - Alex Petrovic (Don)
3 - Brian Dumoulin (Don)

Power Play

Harfangs - 0 on 4 Attempt(s) - 0.00%
Diablos - 0 on 4 Attempt(s) - 0.00%

Penalty Kill

Harfangs - 4 on 4 Attempt(s) - 100.00% - Score 0 goal in Penalty Kill
Diablos - 4 on 4 Attempt(s) - 100.00% - Score 0 goal in Penalty Kill

Team Stat

Harfangs - Hits : 23 - Faceoff Wins : 30 - Blocked Shots : 11 - Penalty Minutes : 6
Diablos - Hits : 22 - Faceoff Wins : 38 - Blocked Shots : 6 - Penalty Minutes : 10

Official

Referees : Unknown
Linesman : Unknown

Game Notes

16:06 of 2nd period - Penalty Shot by Reid McNeill for Harfangs - Stopped by Jean-Francois Berube
Corey Trivino has scored in a empty net!
Danton Heinen has scored a Hat Trick!

Finance

Level 1 -- Attendance: 2000 (100.00%) -- Ticket Income $40,000
Level 2 -- Attendance: 1000 (100.00%) -- Ticket Income $13,000
Total Attendance: 3000 (100.00%)
Total Ticket Income: $53,000
Other Income: $2,650
Total Income: $55,650

Harfangs

5 vs 5 Forward 
   Center                   Left Wing                Right Wing               Time % Phy DF OF 
 1 Calle Jarnkrok           Michael Bournival        Tyler Randell            40     1   2  2  
 2 Tyler Brenner            Brandon McMillan         Tomas Kubalik            30     1   2  2  
 3 Nick Shore               Morgan Klimchuk          Ryan Hartman             20     1   2  2  
 4 Cristoval Nieves         Erik Nystrom             Sven Andrighetto         10     1   2  2  

5 vs 5 Defense 
   Defense                  Defense                                           Time % Phy DF OF 
 1 Victor Bartley           Reid McNeill                                      40     1   2  2  
 2 Jake Dotchin             Mark Alt                                          30     1   2  2  
 3 Ivan Provorov            Brenden Kichton                                   20     1   2  2  
 4 Blake Heinrich           Devon Teows                                       10     1   2  2  

PowerPlay Forward 
   Center                   Left Wing                Right Wing               Time % Phy DF OF 
 1 Calle Jarnkrok           Michael Bournival        Tyler Randell            60     1   2  2  
 2 Tyler Brenner            Brandon McMillan         Tomas Kubalik            40     1   2  2  

PowerPlay Defense
   Defense                  Defense                                           Time % Phy DF OF 
 1 Victor Bartley           Reid McNeill                                      60     1   2  2  
 2 Jake Dotchin             Mark Alt                                          40     1   2  2  

Penalty Kill 4 Players Forward 
   Center                   Wing                     Time % Phy DF OF 
 1 Tyler Randell            Michael Bournival        60     1   2  2  
 2 Calle Jarnkrok           Tomas Kubalik            40     1   2  2  

Penalty Kill 4 Players Defense
   Defense                  Defense                  Time % Phy DF OF 
 1 Victor Bartley           Reid McNeill             60     1   2  2  
 2 Jake Dotchin             Mark Alt                 40     1   2  2  

Penalty Kill - 3 Players Forward 
   Forward                                           Time % Phy DF OF 
 1 Tyler Randell                                     60     1   2  2  
 2 Michael Bournival                                 40     1   2  2  

Penalty Kill - 3 Players Defense
   Defense                  Defense                  Time % Phy DF OF 
 1 Victor Bartley           Reid McNeill             60     1   2  2  
 2 Jake Dotchin             Mark Alt                 40     1   2  2  

4 vs 4 Forward 
   Center                   Wing                     Time % Phy DF OF 
 1 Tyler Randell            Michael Bournival        60     1   2  2  
 2 Calle Jarnkrok           Tomas Kubalik            40     1   2  2  

4 vs 4 Defense
   Defense                  Defense                  Time % Phy DF OF 
 1 Victor Bartley           Reid McNeill             60     1   2  2  
 2 Jake Dotchin             Mark Alt                 40     1   2  2  

Last Minutes Offensive
   Center                   Left Wing                Right Wing               Defense                  Defense                  
   Calle Jarnkrok           Michael Bournival        Tyler Randell            Victor Bartley           Reid McNeill             

Last Minutes Defensive
   Center                   Left Wing                Right Wing               Defense                  Defense                  
   Calle Jarnkrok           Michael Bournival        Tyler Randell            Victor Bartley           Reid McNeill             

Goaltenders
Starting : Anton Forsberg           
Backup : Zachary Fucale           

Extra Forwards
Normal : David Kampf, Lucas Wallmarkk, Brendan Leipsic - PP : David Kampf, Lucas Wallmarkk - PK : Brendan Leipsic
Extra Defensemen
Normal : Rinat Valiev, Ivan Provorov, Brenden Kichton - PP : Rinat Valiev - PK : Ivan Provorov, Brenden Kichton
Penalty Shots
Tyler Randell, Michael Bournival, Calle Jarnkrok, Tomas Kubalik, Tyler Brenner

Scratches
A.J. Greer (Healthy), JC Lipon (Healthy), Cooper Marody (Healthy), Nick Sorensen (Healthy), Justin Kirkland (Healthy)
Anthony Angello (Healthy), Jason Kasdorf (Healthy), Scott Wedgewood (Healthy)

Diablos

5 vs 5 Forward 
   Center                   Left Wing                Right Wing               Time % Phy DF OF 
 1 Peter Holland            Adrian Kempe             Danton Heinen            45     0   0  5  
 2 Adam Gaudette            Tyler Pitlick            Tom Wilson               30     0   0  5  
 3 Corey Trivino            Jiri Sekac               Mattias Tedenby          15     0   1  4  
 4 Dominic Turgeon          Jakub Vrana              Daniel Sprong            10     0   3  2  

5 vs 5 Defense 
   Defense                  Defense                                           Time % Phy DF OF 
 1 Alex Petrovic            Brian Dumoulin                                    40     1   2  2  
 2 Andrei Mironov           Andrey Pedan                                      30     1   2  2  
 3 Dean Kukan               Jack Glover                                       20     1   2  2  
 4 Alex Petrovic            Brian Dumoulin                                    10     1   2  2  

PowerPlay Forward 
   Center                   Left Wing                Right Wing               Time % Phy DF OF 
 1 Peter Holland            Adrian Kempe             Danton Heinen            60     0   0  5  
 2 Adam Gaudette            Tyler Pitlick            Tom Wilson               40     0   0  5  

PowerPlay Defense
   Defense                  Defense                                           Time % Phy DF OF 
 1 Brian Dumoulin           Alex Petrovic                                     60     0   1  4  
 2 Andrei Mironov           Andrey Pedan                                      40     0   1  4  

Penalty Kill 4 Players Forward 
   Center                   Wing                     Time % Phy DF OF 
 1 Corey Trivino            Tyler Pitlick            60     1   4  0  
 2 Peter Holland            Jakub Vrana              40     1   4  0  

Penalty Kill 4 Players Defense
   Defense                  Defense                  Time % Phy DF OF 
 1 Dean Kukan               Jack Glover              60     1   4  0  
 2 Brian Dumoulin           Alex Petrovic            40     1   4  0  

Penalty Kill - 3 Players Forward 
   Forward                                           Time % Phy DF OF 
 1 Corey Trivino                                     60     0   5  0  
 2 Dominic Turgeon                                   40     0   5  0  

Penalty Kill - 3 Players Defense
   Defense                  Defense                  Time % Phy DF OF 
 1 Dean Kukan               Alex Petrovic            60     0   5  0  
 2 Andrei Mironov           Andrey Pedan             40     0   5  0  

4 vs 4 Forward 
   Center                   Wing                     Time % Phy DF OF 
 1 Peter Holland            Adrian Kempe             60     0   2  3  
 2 Corey Trivino            Tyler Pitlick            40     0   2  3  

4 vs 4 Defense
   Defense                  Defense                  Time % Phy DF OF 
 1 Jack Glover              Brian Dumoulin           60     0   2  3  
 2 Andrey Pedan             Dean Kukan               40     0   2  3  

Last Minutes Offensive
   Center                   Left Wing                Right Wing               Defense                  Defense                  
   Peter Holland            Adrian Kempe             Danton Heinen            Brian Dumoulin           Alex Petrovic            

Last Minutes Defensive
   Center                   Left Wing                Right Wing               Defense                  Defense                  
   Corey Trivino            Tyler Pitlick            Mattias Tedenby          Alex Petrovic            Dean Kukan               

Goaltenders
Starting : Jean-Francois Berube     
Backup : Joni Ortio               

Extra Forwards
Normal : Adrian Kempe, Danton Heinen, Peter Holland - PP : Danton Heinen, Adrian Kempe - PK : Mattias Tedenby
Extra Defensemen
Normal : Brian Dumoulin, Alex Petrovic, Andrei Mironov - PP : Brian Dumoulin - PK : Dean Kukan, Alex Petrovic
Penalty Shots
Peter Holland, Adrian Kempe, Danton Heinen, Corey Trivino, Mattias Tedenby

Scratches
Mason Appleton (Healthy), Guillaume Brisebois (Healthy), Tyler Lewington (Healthy), Viktor Loov (Severed Right Wrist Tendon Injury), Tobias Lindberg (Healthy)
Scott Glennie (Healthy), Ty Rattie (Healthy), Charles Hudon (Healthy), Sergey Tolchinsky (Healthy), Ryan MacInnis (Healthy)

% Time on Ice - Harfangs

Lines # - Real PCT - Wanted PCT - Time Play
Normal Forward
1 - 31% - 40% - 13:42
2 - 33% - 30% - 14:29
3 - 22% - 20% - 9:39
4 - 13% - 10% - 5:50
Normal Defense
1 - 43% - 40% - 18:44
2 - 29% - 30% - 12:44
3 - 19% - 20% - 8:26
4 - 9% - 10% - 3:46
PP Forward
1 - 59% - 60% - 5:51
2 - 41% - 40% - 4:04
PP Defense
1 - 64% - 60% - 6:19
2 - 36% - 40% - 3:36
PK Forward
1 - 80% - 60% - 4:44
2 - 20% - 40% - 1:13
PK Defense
1 - 57% - 60% - 3:25
2 - 43% - 40% - 2:32
PK3 Forward
1 - 0% - 60%
2 - 0% - 40%
PK3 Defense
1 - 0% - 60%
2 - 0% - 40%
44 Forward
1 - 0% - 60%
2 - 0% - 40%
44 Defense
1 - 0% - 60%
2 - 0% - 40%
Last Minute Offensive  - 0:28
Last Minute Defensive  - 0:00
Total
Forward - 60:00
Defense - 60:00

% Time on Ice - Diablos

Lines # - Real PCT - Wanted PCT - Time Play
Normal Forward
1 - 40% - 45% - 17:23
2 - 24% - 30% - 10:36
3 - 21% - 15% - 9:16
4 - 15% - 10% - 6:26
Normal Defense
1 - 40% - 40% - 17:41
2 - 35% - 30% - 15:21
3 - 23% - 20% - 10:12
4 - 1% - 10% - 0:27
PP Forward
1 - 55% - 60% - 3:18
2 - 45% - 40% - 2:39
PP Defense
1 - 55% - 60% - 3:18
2 - 45% - 40% - 2:39
PK Forward
1 - 71% - 60% - 7:01
2 - 29% - 40% - 2:54
PK Defense
1 - 62% - 60% - 6:10
2 - 38% - 40% - 3:45
PK3 Forward
1 - 0% - 60%
2 - 0% - 40%
PK3 Defense
1 - 0% - 60%
2 - 0% - 40%
44 Forward
1 - 0% - 60%
2 - 0% - 40%
44 Defense
1 - 0% - 60%
2 - 0% - 40%
Last Minute Offensive  - 0:00
Last Minute Defensive  - 0:27
Total
Forward - 60:00
Defense - 60:00

Play-by-Play

1st period


0:01 of 1st period - Calle Jarnkrok wins face-off versus Peter Holland in neutral zone.
0:39 of 1st period - Andrei Mironov is hit by Tyler Brenner and loses puck.
0:52 of 1st period - Andrei Mironov is hit by Mark Alt and loses puck.
1:41 of 1st period - Off-side.
1:42 of 1st period - Adam Gaudette wins face-off versus Tyler Brenner in neutral zone.
1:55 of 1st period - Snap shot by Tomas Kubalik.
1:55 of 1st period - Stopped by Jean-Francois Berube without a rebound.
1:56 of 1st period - Calle Jarnkrok wins face-off versus Peter Holland in Diablos zone.
2:30 of 1st period - Wrist shot by Ryan Hartman.
2:30 of 1st period - Stopped by Jean-Francois Berube without a rebound.
2:31 of 1st period - Tyler Brenner wins face-off versus Adam Gaudette in Diablos zone.
2:32 of 1st period - Snap shot by Tomas Kubalik.
2:32 of 1st period - Shot Blocked by Tyler Pitlick.
3:27 of 1st period - Snap shot by Nick Shore.
3:27 of 1st period - Shot Misses the Net.
3:38 of 1st period - Off-side.
3:39 of 1st period - Adam Gaudette wins face-off versus Cristoval Nieves in neutral zone.
3:50 of 1st period - Snap shot by Tyler Pitlick.
3:50 of 1st period - Stopped by Anton Forsberg with a rebound.
4:21 of 1st period - Minor Penalty to Andrey Pedan for Hooking.
4:22 of 1st period - Calle Jarnkrok wins face-off versus Corey Trivino in Diablos zone.
5:55 of 1st period - Snap shot by Brandon McMillan.
5:55 of 1st period - Shot Misses the Net.
5:57 of 1st period - Slapshot by Reid McNeill.
5:57 of 1st period - Stopped by Jean-Francois Berube without a rebound.
5:58 of 1st period - Corey Trivino wins face-off versus Calle Jarnkrok in Diablos zone.
6:21 of 1st period - Penalty to Andrey Pedan is over, Andrey Pedan is back on ice.
6:31 of 1st period - Snap shot by Ryan Hartman.
6:31 of 1st period - Shot Misses the Net.
6:33 of 1st period - Wrist shot by Morgan Klimchuk.
6:33 of 1st period - Shot Misses the Net.
6:35 of 1st period - Slapshot by Jake Dotchin.
6:35 of 1st period - Stopped by Jean-Francois Berube without a rebound.
6:36 of 1st period - Nick Shore wins face-off versus Dominic Turgeon in Diablos zone.
6:49 of 1st period - Ryan Hartman is hit by Daniel Sprong and loses puck.
7:19 of 1st period - Minor Penalty to Adrian Kempe for Hooking.
7:20 of 1st period - Calle Jarnkrok wins face-off versus Corey Trivino in Diablos zone.
7:29 of 1st period - Wrist shot by Tyler Randell.
7:29 of 1st period - Stopped by Jean-Francois Berube without a rebound.
7:30 of 1st period - Corey Trivino wins face-off versus Tyler Randell in Diablos zone.
8:17 of 1st period - Wrist shot by Calle Jarnkrok.
8:17 of 1st period - Shot Misses the Net.
8:53 of 1st period - Backhand shot by Michael Bournival.
8:53 of 1st period - Stopped by Jean-Francois Berube without a rebound.
8:54 of 1st period - Corey Trivino wins face-off versus Tyler Brenner in Diablos zone.
9:19 of 1st period - Penalty to Adrian Kempe is over, Adrian Kempe is back on ice.
9:33 of 1st period - Morgan Klimchuk is hit by Dominic Turgeon and loses puck.
9:46 of 1st period - Alex Petrovic is hit by Ryan Hartman and loses puck.
9:55 of 1st period - Minor Penalty to Devon Teows for High sticking.
9:56 of 1st period - Peter Holland wins face-off versus Tyler Randell in Harfangs zone.
11:30 of 1st period - Adrian Kempe is hit by Calle Jarnkrok and loses puck.
11:55 of 1st period - Penalty to Devon Teows is over, Devon Teows is back on ice.
11:59 of 1st period - Devon Teows is hit by Jiri Sekac and loses puck.
13:36 of 1st period - Michael Bournival is hit by Tom Wilson and loses puck.
14:26 of 1st period - Calle Jarnkrok is hit by Peter Holland and loses puck.
15:28 of 1st period - Wrist shot by Tyler Randell.
15:28 of 1st period - Shot Misses the Net.
15:40 of 1st period - Snap shot by Tom Wilson.
15:40 of 1st period - Stopped by Anton Forsberg with a rebound.
16:33 of 1st period - Wrist shot by Erik Nystrom.
16:33 of 1st period - Shot Misses the Net.
16:45 of 1st period - Snap shot by Tyler Randell.
16:45 of 1st period - Stopped by Jean-Francois Berube with a rebound.
17:38 of 1st period - Slapshot by Tom Wilson.
17:38 of 1st period - Stopped by Anton Forsberg with a rebound.
17:57 of 1st period - Dean Kukan is hit by Tomas Kubalik and loses puck.
18:22 of 1st period - Danton Heinen is hit by Ryan Hartman and loses puck.
18:39 of 1st period - Snap shot by Cristoval Nieves.
18:39 of 1st period - Shot Blocked by Dean Kukan.
Goals for this period are 0 for Harfangs vs 0 for Diablos .
Shots for this period are 7 for Harfangs vs 3 for Diablos .

2nd period


0:01 of 2nd period - Peter Holland wins face-off versus Calle Jarnkrok in neutral zone.
0:10 of 2nd period - Wrist shot by Peter Holland.
0:10 of 2nd period - Shot Misses the Net.
0:12 of 2nd period - Wrist shot by Danton Heinen.
0:12 of 2nd period - Stopped by Anton Forsberg with a rebound.
0:14 of 2nd period - Slapshot by Alex Petrovic.
0:14 of 2nd period - Stopped by Anton Forsberg with a rebound.
0:16 of 2nd period - Slapshot by Danton Heinen.
0:16 of 2nd period - Shot Misses the Net.
0:35 of 2nd period - Slapshot by Tomas Kubalik.
0:35 of 2nd period - Deflect By Brandon McMillan.
0:35 of 2nd period - Shot Misses the Net.
0:35 of 2nd period - Puck is out of play.
0:36 of 2nd period - Adrian Kempe wins face-off versus Tyler Brenner in Diablos zone.
0:45 of 2nd period - Slapshot by Brandon McMillan.
0:45 of 2nd period - Stopped by Jean-Francois Berube without a rebound.
0:46 of 2nd period - Peter Holland wins face-off versus Tyler Brenner in Diablos zone.
0:58 of 2nd period - Off-side.
0:59 of 2nd period - Calle Jarnkrok wins face-off versus Peter Holland in neutral zone.
1:10 of 2nd period - Wrist shot by Adrian Kempe.
1:10 of 2nd period - Shot Misses the Net.
1:24 of 2nd period - Tyler Randell is hit by Corey Trivino and loses puck.
1:42 of 2nd period - Minor Penalty to Andrey Pedan for Hooking.
1:43 of 2nd period - Tyler Brenner wins face-off versus Corey Trivino in Diablos zone.
3:35 of 2nd period - Tyler Pitlick is hit by Calle Jarnkrok and loses puck.
3:42 of 2nd period - Penalty to Andrey Pedan is over, Andrey Pedan is back on ice.
4:13 of 2nd period - Snap shot by Jakub Vrana.
4:13 of 2nd period - Shot Blocked by Mark Alt.
4:23 of 2nd period - Wrist shot by Tom Wilson.
4:23 of 2nd period - Shot Misses the Net.
4:25 of 2nd period - Wrist shot by Adam Gaudette.
4:25 of 2nd period - Shot Misses the Net.
4:27 of 2nd period - Wrist shot by Tyler Pitlick.
4:27 of 2nd period - Shot Misses the Net.
5:25 of 2nd period - Reid McNeill is hit by Jiri Sekac and loses puck.
5:37 of 2nd period - Jack Glover is hit by Blake Heinrich and loses puck.
5:50 of 2nd period - Snap shot by Daniel Sprong.
5:50 of 2nd period - Shot Misses the Net.
6:33 of 2nd period - Icing by Victor Bartley.
6:34 of 2nd period - Peter Holland wins face-off versus Nick Shore in Harfangs zone.
6:53 of 2nd period - Minor Penalty to Michael Bournival for Hooking.
6:54 of 2nd period - Tyler Randell wins face-off versus Peter Holland in Harfangs zone.
7:07 of 2nd period - Slapshot by Brian Dumoulin.
7:07 of 2nd period - Stopped by Anton Forsberg with a rebound.
7:09 of 2nd period - Snap shot by Peter Holland.
7:09 of 2nd period - Shot Misses the Net.
8:18 of 2nd period - Mark Alt is hit by Tyler Pitlick and loses puck.
8:53 of 2nd period - Penalty to Michael Bournival is over, Michael Bournival is back on ice.
9:07 of 2nd period - Slapshot by Tyler Randell.
9:07 of 2nd period - Stopped by Jean-Francois Berube with a rebound.
9:30 of 2nd period - Jack Glover is hit by Tyler Brenner and loses puck.
9:41 of 2nd period - Tomas Kubalik is hit by Dean Kukan.
9:45 of 2nd period - Jake Dotchin is hit by Jiri Sekac and loses puck.
9:55 of 2nd period - Wrist shot by Brandon McMillan.
9:55 of 2nd period - Stopped by Jean-Francois Berube with a rebound.
9:57 of 2nd period - Wrist shot by Tomas Kubalik.
9:57 of 2nd period - Stopped by Jean-Francois Berube with a rebound.
10:03 of 2nd period - Wrist shot by Tomas Kubalik.
10:03 of 2nd period - Shot Misses the Net.
10:05 of 2nd period - Slapshot by Brandon McMillan.
10:05 of 2nd period - Shot Misses the Net.
10:07 of 2nd period - Slapshot by Jake Dotchin.
10:07 of 2nd period - Shot Misses the Net.
10:09 of 2nd period - Wrist shot by Brandon McMillan.
10:09 of 2nd period - Stopped by Jean-Francois Berube without a rebound.
10:10 of 2nd period - Peter Holland wins face-off versus Cristoval Nieves in Diablos zone.
10:25 of 2nd period - Slapshot by Cristoval Nieves.
10:25 of 2nd period - Shot Misses the Net.
10:35 of 2nd period - Reid McNeill is hit by Tom Wilson.
10:48 of 2nd period - Minor Penalty to Adam Gaudette for Interference.
10:49 of 2nd period - Brandon McMillan wins face-off versus Corey Trivino in Diablos zone.
10:53 of 2nd period - Slapshot by Tomas Kubalik.
10:53 of 2nd period - Stopped by Jean-Francois Berube with a rebound.
12:48 of 2nd period - Penalty to Adam Gaudette is over, Adam Gaudette is back on ice.
12:59 of 2nd period - Slapshot by Danton Heinen.
12:59 of 2nd period - Shot Blocked by Reid McNeill.
13:39 of 2nd period - Tyler Brenner is hit by Alex Petrovic and loses puck.
13:44 of 2nd period - Slapshot by Brian Dumoulin.
13:44 of 2nd period - Shot Misses the Net.
13:58 of 2nd period - Wrist shot by Danton Heinen.
13:58 of 2nd period - Deflect By Adrian Kempe.
13:58 of 2nd period - Stopped by Anton Forsberg without a rebound.
13:59 of 2nd period - Nick Shore wins face-off versus Peter Holland in Harfangs zone.
13:59 of 2nd period - Nick Shore is hit by Andrey Pedan.
14:05 of 2nd period - Snap shot by Adrian Kempe.
14:05 of 2nd period - Shot Misses the Net.
14:07 of 2nd period - Wrist shot by Peter Holland.
14:07 of 2nd period - Shot Misses the Net.
14:09 of 2nd period - Slapshot by Danton Heinen.
14:09 of 2nd period - Goal by Danton Heinen - Harfangs : 0 - Diablos : 1.
14:10 of 2nd period - Peter Holland wins face-off versus Calle Jarnkrok in neutral zone.
14:42 of 2nd period - Snap shot by Tyler Pitlick.
14:42 of 2nd period - Shot Blocked by Reid McNeill.
14:44 of 2nd period - Snap shot by Adam Gaudette.
14:44 of 2nd period - Shot Blocked by Victor Bartley.
14:46 of 2nd period - Snap shot by Tom Wilson.
14:46 of 2nd period - Stopped by Anton Forsberg with a rebound.
14:58 of 2nd period - Slapshot by Andrey Pedan.
14:58 of 2nd period - Deflect By Daniel Sprong.
14:58 of 2nd period - Stopped by Anton Forsberg with a rebound.
15:10 of 2nd period - Snap shot by Reid McNeill.
15:10 of 2nd period - Deflect By Jakub Vrana.
15:10 of 2nd period - Stopped by Jean-Francois Berube without a rebound.
15:11 of 2nd period - Peter Holland wins face-off versus Calle Jarnkrok in Diablos zone.
15:47 of 2nd period - Wrist shot by Tom Wilson.
15:47 of 2nd period - Deflect By Adam Gaudette.
15:47 of 2nd period - Shot Misses the Net.
15:47 of 2nd period - Puck is out of play.
15:48 of 2nd period - Danton Heinen wins face-off versus Calle Jarnkrok in Harfangs zone.
15:53 of 2nd period - Snap shot by Adrian Kempe.
15:53 of 2nd period - Shot Blocked by Reid McNeill.
15:55 of 2nd period - Slapshot by Brian Dumoulin.
15:55 of 2nd period - Shot Misses the Net.
15:57 of 2nd period - Slapshot by Alex Petrovic.
15:57 of 2nd period - Shot Misses the Net.
15:59 of 2nd period - Slapshot by Alex Petrovic.
15:59 of 2nd period - Shot Misses the Net.
16:01 of 2nd period - Slapshot by Alex Petrovic.
16:01 of 2nd period - Stopped by Anton Forsberg with a rebound.
16:03 of 2nd period - Snap shot by Adrian Kempe.
16:03 of 2nd period - Stopped by Anton Forsberg without a rebound.
16:04 of 2nd period - Tyler Brenner wins face-off versus Adam Gaudette in Harfangs zone.
16:06 of 2nd period - Penalty Shot by Reid McNeill for Harfangs.
16:06 of 2nd period - Wrist shot by Reid McNeill.
16:06 of 2nd period - Stopped by Jean-Francois Berube.
16:07 of 2nd period - Peter Holland wins face-off versus Calle Jarnkrok in Harfangs zone.
16:33 of 2nd period - Brian Dumoulin is hit by Brandon McMillan and loses puck.
16:39 of 2nd period - Alex Petrovic is hit by Victor Bartley and loses puck.
17:00 of 2nd period - Morgan Klimchuk is hit by Corey Trivino.
17:22 of 2nd period - Wrist shot by Michael Bournival.
17:22 of 2nd period - Goal by Michael Bournival - Harfangs : 1 - Diablos : 1.
17:23 of 2nd period - Peter Holland wins face-off versus Calle Jarnkrok in neutral zone.
17:26 of 2nd period - Snap shot by Danton Heinen.
17:26 of 2nd period - Stopped by Anton Forsberg without a rebound.
17:27 of 2nd period - Peter Holland wins face-off versus Calle Jarnkrok in Harfangs zone.
17:28 of 2nd period - Slapshot by Adrian Kempe.
17:28 of 2nd period - Shot Misses the Net.
17:30 of 2nd period - Slapshot by Alex Petrovic.
17:30 of 2nd period - Stopped by Anton Forsberg with a rebound.
17:32 of 2nd period - Snap shot by Adrian Kempe.
17:32 of 2nd period - Stopped by Anton Forsberg with a rebound.
17:34 of 2nd period - Slapshot by Brian Dumoulin.
17:34 of 2nd period - Shot Blocked by Michael Bournival.
17:36 of 2nd period - Slapshot by Brian Dumoulin.
17:36 of 2nd period - Shot Misses the Net.
17:38 of 2nd period - Snap shot by Danton Heinen.
17:38 of 2nd period - Goal by Danton Heinen - Harfangs : 1 - Diablos : 2.
17:39 of 2nd period - Peter Holland wins face-off versus Michael Bournival in neutral zone.
18:31 of 2nd period - Snap shot by Morgan Klimchuk.
18:31 of 2nd period - Stopped by Jean-Francois Berube without a rebound.
18:32 of 2nd period - Calle Jarnkrok wins face-off versus Corey Trivino in Diablos zone.
18:37 of 2nd period - Wrist shot by Calle Jarnkrok.
18:37 of 2nd period - Stopped by Jean-Francois Berube without a rebound.
18:38 of 2nd period - Peter Holland wins face-off versus Calle Jarnkrok in Diablos zone.
18:38 of 2nd period - Peter Holland is hit by Tyler Randell.
18:41 of 2nd period - Minor Penalty to Adrian Kempe for Holding.
18:42 of 2nd period - Calle Jarnkrok wins face-off versus Tyler Pitlick in Diablos zone.
18:44 of 2nd period - Slapshot by Tyler Randell.
18:44 of 2nd period - Stopped by Jean-Francois Berube without a rebound.
18:45 of 2nd period - Corey Trivino wins face-off versus Calle Jarnkrok in Diablos zone.
18:54 of 2nd period - Slapshot by Reid McNeill.
18:54 of 2nd period - Shot Misses the Net.
18:56 of 2nd period - Wrist shot by Michael Bournival.
18:56 of 2nd period - Deflect By Calle Jarnkrok.
18:56 of 2nd period - Deflect By Corey Trivino.
18:56 of 2nd period - Stopped by Jean-Francois Berube without a rebound.
18:57 of 2nd period - Corey Trivino wins face-off versus Calle Jarnkrok in Diablos zone.
19:22 of 2nd period - Tyler Brenner is hit by Dean Kukan and loses puck.
19:29 of 2nd period - Dean Kukan is hit by Jake Dotchin and loses puck.
Goals for this period are 1 for Harfangs vs 2 for Diablos .
Shots for this period are 12 for Harfangs vs 13 for Diablos .

3rd period


0:01 of 3rd period - Corey Trivino wins face-off versus Calle Jarnkrok in neutral zone.
0:05 of 3rd period - Off-side.
0:06 of 3rd period - Michael Bournival wins face-off versus Corey Trivino in neutral zone.
0:11 of 3rd period - Slapshot by Victor Bartley.
0:11 of 3rd period - Shot Blocked by Corey Trivino.
0:13 of 3rd period - Snap shot by Michael Bournival.
0:13 of 3rd period - Stopped by Jean-Francois Berube without a rebound.
0:14 of 3rd period - Calle Jarnkrok wins face-off versus Corey Trivino in Diablos zone.
0:15 of 3rd period - Slapshot by Michael Bournival.
0:15 of 3rd period - Stopped by Jean-Francois Berube with a rebound.
0:17 of 3rd period - Wrist shot by Calle Jarnkrok.
0:17 of 3rd period - Stopped by Jean-Francois Berube with a rebound.
0:19 of 3rd period - Snap shot by Michael Bournival.
0:19 of 3rd period - Shot Misses the Net.
0:21 of 3rd period - Slapshot by Calle Jarnkrok.
0:21 of 3rd period - Stopped by Jean-Francois Berube without a rebound.
0:22 of 3rd period - Calle Jarnkrok wins face-off versus Corey Trivino in Diablos zone.
0:25 of 3rd period - Wrist shot by Tyler Randell.
0:25 of 3rd period - Stopped by Jean-Francois Berube with a rebound.
0:27 of 3rd period - Slapshot by Victor Bartley.
0:27 of 3rd period - Deflect By Michael Bournival.
0:27 of 3rd period - Shot Misses the Net.
0:27 of 3rd period - Puck is out of play.
0:28 of 3rd period - Corey Trivino wins face-off versus Calle Jarnkrok in Diablos zone.
0:39 of 3rd period - Dean Kukan is hit by Tyler Randell and loses puck.
0:41 of 3rd period - Penalty to Adrian Kempe is over, Adrian Kempe is back on ice.
0:58 of 3rd period - Slapshot by Tomas Kubalik.
0:58 of 3rd period - Stopped by Jean-Francois Berube without a rebound.
0:59 of 3rd period - Peter Holland wins face-off versus Tyler Brenner in Diablos zone.
0:59 of 3rd period - Peter Holland is hit by Jake Dotchin.
1:58 of 3rd period - Slapshot by Michael Bournival.
1:58 of 3rd period - Stopped by Jean-Francois Berube without a rebound.
1:59 of 3rd period - Nick Shore wins face-off versus Corey Trivino in Diablos zone.
2:00 of 3rd period - Snap shot by Morgan Klimchuk.
2:00 of 3rd period - Shot Misses the Net.
2:24 of 3rd period - Danton Heinen is hit by Mark Alt and loses puck.
3:06 of 3rd period - Off-side.
3:07 of 3rd period - Dominic Turgeon wins face-off versus Cristoval Nieves in neutral zone.
3:12 of 3rd period - Slapshot by Alex Petrovic.
3:12 of 3rd period - Stopped by Anton Forsberg with a rebound.
3:14 of 3rd period - Wrist shot by Brian Dumoulin.
3:14 of 3rd period - Stopped by Anton Forsberg with a rebound.
3:16 of 3rd period - Snap shot by Jakub Vrana.
3:16 of 3rd period - Stopped by Anton Forsberg with a rebound.
3:18 of 3rd period - Slapshot by Alex Petrovic.
3:18 of 3rd period - Shot Blocked by Reid McNeill.
3:20 of 3rd period - Wrist shot by Alex Petrovic.
3:20 of 3rd period - Goal by Alex Petrovic - Harfangs : 1 - Diablos : 3.
3:21 of 3rd period - Peter Holland wins face-off versus Calle Jarnkrok in neutral zone.
4:04 of 3rd period - Off-side.
4:05 of 3rd period - Cristoval Nieves wins face-off versus Corey Trivino in neutral zone.
4:08 of 3rd period - Corey Trivino is hit by Cristoval Nieves and loses puck.
4:12 of 3rd period - Minor Penalty to Sven Andrighetto for Hooking.
4:13 of 3rd period - Peter Holland wins face-off versus Tyler Randell in Harfangs zone.
4:16 of 3rd period - Slapshot by Brian Dumoulin.
4:16 of 3rd period - Shot Blocked by Reid McNeill.
4:18 of 3rd period - Snap shot by Alex Petrovic.
4:18 of 3rd period - Deflect By Danton Heinen.
4:18 of 3rd period - Stopped by Anton Forsberg with a rebound.
4:20 of 3rd period - Slapshot by Adrian Kempe.
4:20 of 3rd period - Stopped by Anton Forsberg without a rebound.
4:21 of 3rd period - Peter Holland wins face-off versus Tyler Randell in Harfangs zone.
4:22 of 3rd period - Wrist shot by Adrian Kempe.
4:22 of 3rd period - Shot Blocked by Michael Bournival.
4:26 of 3rd period - Snap shot by Adrian Kempe.
4:26 of 3rd period - Stopped by Anton Forsberg with a rebound.
4:28 of 3rd period - Slapshot by Danton Heinen.
4:28 of 3rd period - Stopped by Anton Forsberg without a rebound.
4:29 of 3rd period - Tyler Randell wins face-off versus Peter Holland in Harfangs zone.
4:29 of 3rd period - Tyler Randell is hit by Alex Petrovic.
4:41 of 3rd period - Wrist shot by Peter Holland.
4:41 of 3rd period - Shot Misses the Net.
4:43 of 3rd period - Snap shot by Adrian Kempe.
4:43 of 3rd period - Shot Misses the Net.
4:45 of 3rd period - Wrist shot by Danton Heinen.
4:45 of 3rd period - Shot Misses the Net.
5:04 of 3rd period - Wrist shot by Tom Wilson.
5:04 of 3rd period - Stopped by Anton Forsberg with a rebound.
6:12 of 3rd period - Penalty to Sven Andrighetto is over, Sven Andrighetto is back on ice.
6:40 of 3rd period - Snap shot by Michael Bournival.
6:40 of 3rd period - Stopped by Jean-Francois Berube without a rebound.
6:41 of 3rd period - Dominic Turgeon wins face-off versus Tyler Brenner in Diablos zone.
7:08 of 3rd period - Adrian Kempe is hit by Nick Shore and loses puck.
7:29 of 3rd period - Wrist shot by Sven Andrighetto.
7:29 of 3rd period - Stopped by Jean-Francois Berube with a rebound.
7:31 of 3rd period - Wrist shot by Erik Nystrom.
7:31 of 3rd period - Stopped by Jean-Francois Berube with a rebound.
7:33 of 3rd period - Wrist shot by Erik Nystrom.
7:33 of 3rd period - Goal by Erik Nystrom - Harfangs : 2 - Diablos : 3.
7:34 of 3rd period - Calle Jarnkrok wins face-off versus Adam Gaudette in neutral zone.
8:01 of 3rd period - Icing by Tomas Kubalik.
8:02 of 3rd period - Peter Holland wins face-off versus Tyler Brenner in Harfangs zone.
8:05 of 3rd period - Wrist shot by Danton Heinen.
8:05 of 3rd period - Shot Misses the Net.
8:15 of 3rd period - Snap shot by Adrian Kempe.
8:15 of 3rd period - Stopped by Anton Forsberg with a rebound.
8:27 of 3rd period - Tomas Kubalik is hit by Tom Wilson and loses puck.
8:44 of 3rd period - Snap shot by Brandon McMillan.
8:44 of 3rd period - Stopped by Jean-Francois Berube without a rebound.
8:45 of 3rd period - Corey Trivino wins face-off versus Calle Jarnkrok in Diablos zone.
8:54 of 3rd period - Snap shot by Mattias Tedenby.
8:54 of 3rd period - Shot Misses the Net.
8:56 of 3rd period - Slapshot by Brian Dumoulin.
8:56 of 3rd period - Shot Blocked by Victor Bartley.
8:58 of 3rd period - Snap shot by Mattias Tedenby.
8:58 of 3rd period - Shot Misses the Net.
9:10 of 3rd period - Adrian Kempe is hit by Ryan Hartman and loses puck.
9:15 of 3rd period - Snap shot by Nick Shore.
9:15 of 3rd period - Stopped by Jean-Francois Berube without a rebound.
9:16 of 3rd period - Calle Jarnkrok wins face-off versus Peter Holland in Diablos zone.
9:31 of 3rd period - Snap shot by Tyler Randell.
9:31 of 3rd period - Deflect By Calle Jarnkrok.
9:31 of 3rd period - Stopped by Jean-Francois Berube without a rebound.
9:32 of 3rd period - Adam Gaudette wins face-off versus Tyler Brenner in Diablos zone.
9:57 of 3rd period - Danton Heinen is hit by Victor Bartley and loses puck.
10:06 of 3rd period - Slapshot by Michael Bournival.
10:06 of 3rd period - Shot Misses the Net.
10:08 of 3rd period - Wrist shot by Calle Jarnkrok.
10:08 of 3rd period - Stopped by Jean-Francois Berube without a rebound.
10:09 of 3rd period - Tyler Brenner wins face-off versus Adam Gaudette in Diablos zone.
10:12 of 3rd period - Snap shot by Tomas Kubalik.
10:12 of 3rd period - Stopped by Jean-Francois Berube with a rebound.
10:38 of 3rd period - Off-side.
10:39 of 3rd period - Calle Jarnkrok wins face-off versus Corey Trivino in neutral zone.
10:53 of 3rd period - Slapshot by Jiri Sekac.
10:53 of 3rd period - Stopped by Anton Forsberg with a rebound.
10:55 of 3rd period - Slapshot by Brian Dumoulin.
10:55 of 3rd period - Shot Misses the Net.
10:57 of 3rd period - Snap shot by Mattias Tedenby.
10:57 of 3rd period - Shot Misses the Net.
10:59 of 3rd period - Wrist shot by Mattias Tedenby.
10:59 of 3rd period - Stopped by Anton Forsberg without a rebound.
11:00 of 3rd period - Tyler Brenner wins face-off versus Peter Holland in Harfangs zone.
11:40 of 3rd period - Snap shot by Tyler Brenner.
11:40 of 3rd period - Shot Hit the Post.
12:13 of 3rd period - Victor Bartley is hit by Corey Trivino and loses puck.
12:52 of 3rd period - Icing by Brandon McMillan.
12:53 of 3rd period - Peter Holland wins face-off versus Tyler Brenner in Harfangs zone.
13:00 of 3rd period - Wrist shot by Danton Heinen.
13:00 of 3rd period - Stopped by Anton Forsberg with a rebound.
13:08 of 3rd period - Snap shot by Tomas Kubalik.
13:08 of 3rd period - Shot Misses the Net.
13:10 of 3rd period - Slapshot by Reid McNeill.
13:10 of 3rd period - Stopped by Jean-Francois Berube with a rebound.
13:12 of 3rd period - Slapshot by Tyler Brenner.
13:12 of 3rd period - Shot Misses the Net.
13:14 of 3rd period - Snap shot by Tomas Kubalik.
13:14 of 3rd period - Goal by Tomas Kubalik - Harfangs : 3 - Diablos : 3.
13:15 of 3rd period - Calle Jarnkrok wins face-off versus Adrian Kempe in neutral zone.
13:26 of 3rd period - Adrian Kempe is hit by Michael Bournival and loses puck.
13:41 of 3rd period - Brian Dumoulin is hit by Morgan Klimchuk and loses puck.
14:03 of 3rd period - Off-side.
14:04 of 3rd period - Calle Jarnkrok wins face-off versus Dominic Turgeon in neutral zone.
14:09 of 3rd period - Snap shot by Tyler Randell.
14:09 of 3rd period - Shot Blocked by Dominic Turgeon.
14:11 of 3rd period - Snap shot by Mark Alt.
14:11 of 3rd period - Stopped by Jean-Francois Berube without a rebound.
14:12 of 3rd period - Peter Holland wins face-off versus Calle Jarnkrok in Diablos zone.
14:37 of 3rd period - Morgan Klimchuk is hit by Brian Dumoulin and loses puck.
15:08 of 3rd period - Wrist shot by Mattias Tedenby.
15:08 of 3rd period - Shot Misses the Net.
15:10 of 3rd period - Backhand shot by Mattias Tedenby.
15:10 of 3rd period - Goal by Mattias Tedenby - Harfangs : 3 - Diablos : 4.
15:11 of 3rd period - Nick Shore wins face-off versus Peter Holland in neutral zone.
15:14 of 3rd period - Snap shot by Morgan Klimchuk.
15:14 of 3rd period - Shot Blocked by Andrey Pedan.
15:36 of 3rd period - Calle Jarnkrok is hit by Adam Gaudette and loses puck.
15:58 of 3rd period - Snap shot by Jiri Sekac.
15:58 of 3rd period - Stopped by Anton Forsberg without a rebound.
15:59 of 3rd period - Jiri Sekac wins face-off versus Cristoval Nieves in Harfangs zone.
16:08 of 3rd period - Snap shot by Corey Trivino.
16:08 of 3rd period - Shot Misses the Net.
16:26 of 3rd period - Snap shot by Mattias Tedenby.
16:26 of 3rd period - Deflect By Sven Andrighetto.
16:26 of 3rd period - Shot Misses the Net.
16:26 of 3rd period - Puck is out of play.
16:27 of 3rd period - Nick Shore wins face-off versus Peter Holland in Harfangs zone.
17:46 of 3rd period - Snap shot by Adrian Kempe.
17:46 of 3rd period - Shot Blocked by Tomas Kubalik.
18:08 of 3rd period - Snap shot by Tomas Kubalik.
18:08 of 3rd period - Shot Blocked by Adrian Kempe.
18:14 of 3rd period - Ivan Provorov is hit by Adrian Kempe.
18:20 of 3rd period - Wrist shot by Tomas Kubalik.
18:20 of 3rd period - Stopped by Jean-Francois Berube without a rebound.
18:21 of 3rd period - Adam Gaudette wins face-off versus Nick Shore in Diablos zone.
18:21 of 3rd period - Adam Gaudette is hit by Victor Bartley.
18:45 of 3rd period - Harfangs, Anton Forsberg is pulled from the net.
19:22 of 3rd period - Wrist shot by Michael Bournival.
19:22 of 3rd period - Stopped by Jean-Francois Berube without a rebound.
19:23 of 3rd period - Randy Cunneyworth call a timeout for Harfangs.
19:23 of 3rd period - Corey Trivino wins face-off versus Calle Jarnkrok in Diablos zone.
19:30 of 3rd period - Snap shot by Corey Trivino.
19:30 of 3rd period - Goal by Corey Trivino - Harfangs : 3 - Diablos : 5.
19:30 of 3rd period - Anton Forsberg from Harfangs was sent back in the game.
19:31 of 3rd period - Peter Holland wins face-off versus Morgan Klimchuk in neutral zone.
19:36 of 3rd period - Wrist shot by Adrian Kempe.
19:36 of 3rd period - Deflect By Danton Heinen.
19:36 of 3rd period - Goal by Danton Heinen - Harfangs : 3 - Diablos : 6.
19:37 of 3rd period - Calle Jarnkrok wins face-off versus Danton Heinen in neutral zone.
19:52 of 3rd period - Michael Bournival is hit by Brian Dumoulin and loses puck.
Goals for this period are 2 for Harfangs vs 4 for Diablos .
Shots for this period are 21 for Harfangs vs 17 for Diablos .